 Dungeon Crawl Stone Soup version 0.27-a0-705-ga0013940fb (webtiles) character file.

Game seed: 924115068998321634

180 Sabo the Shield-Bearer (level 5, -13/33 HPs)
             Began as a Gargoyle Fighter on Mar 22, 2021.
             Killed by divine providence
             ... invoked by an orc priest
              (14 damage)
             ... on level 3 of the Dungeon.
             The game lasted 00:17:56 (3227 turns).

Sabo the Shield-Bearer (Gargoyle Fighter)           Turns: 3227, Time: 00:17:57

Health: -13/33     AC: 12    Str: 20    XL:     5   Next: 60%
Magic:  5/5        EV:  7    Int:  9    God:
Gold:   98         SH:  9    Dex:  9    Spells: 4/4 levels left

rFire    . . .     SeeInvis .   a - +0 war axe (spect)
rCold    . . .     Faith    .   c - +0 kite shield
rNeg     + . .     Spirit   .   b - +0 scale mail
rPois    ∞         Reflect  .   i - +0 helmet
rElec    +         Harm     .   (no cloak)
rCorr    .         Rampage  .   (no gloves)
Will     .....                  (no boots)
Stlth    ..........             (no amulet)
HPRegen  0.11/turn              (no ring)
MPRegen  0.09/turn              (no ring)

@: no status effects
A: AC +4, negative energy resistance 1, electricity resistance, torment
resistance 1, unbreathing 1, petrification resistance
a: no special abilities


You were on level 3 of the Dungeon.
You visited 1 branch of the dungeon, and saw 3 of its levels.

You collected 98 gold pieces.

Inventory:

Hand Weapons
 a - a +0 spectral war axe (weapon)
Missiles
 g - 31 arrows
 n - 4 boomerangs (quivered)
Armour
 b - a +0 scale mail (worn)
 c - a +0 kite shield (worn)
 i - a +0 helmet (worn)
Wands
 p - a wand of digging (7)
Scrolls
 f - a scroll of brand weapon
 h - a scroll of noise {unknown}
 j - a scroll of identify {unknown}
 k - a scroll of teleportation {unknown}
 q - a scroll of magic mapping {unknown}
Potions
 d - 2 potions of might
 e - a potion of mutation {unknown}
 l - a potion of curing {unknown}
 m - a potion of cancellation {unknown}
 o - a potion of ambrosia {unknown}


   Skills:
 + Level 3.8 Fighting
 + Level 3.3 Axes
 + Level 3.9 Armour
 + Level 4.8 Shields


You had 4 spell levels left.
You didn't know any spells.
Your spell library was empty.

Dungeon Overview and Level Annotations

Branches:
Dungeon (3/15)

Altars:
Hepliaklqana
Xom
Yredelemnul


Innate Abilities, Weirdness & Mutations

Your stone body is resilient. (AC +4)
You are immune to poison.
You resist negative energy. (rN+)
You are resistant to electric shocks. (rElec)
You are resistant to unholy torment.
You can survive without breathing.
You are immune to petrification.


Message History

You closely miss the quokka. You block the quokka's attack. x2
You closely miss the quokka. The quokka completely misses you.
The quokka closely misses you.
You hit the quokka.
The quokka is severely wounded.
The quokka bites you but does no damage.
You slash the quokka!
You kill the quokka!
Found a dagger.
A giant cockroach comes into view.
The giant cockroach bites you but does no damage.
You barely miss the giant cockroach.
Your spectral weapon hits the giant cockroach!
You kill the giant cockroach!
Found a stone staircase leading down.
You see here a giant cockroach corpse.
An orc comes into view. It is wielding a +3 short sword.
The orc shouts!
An orc priest comes into view. It is wielding a +0 club.
The orc priest shouts!
You hear a shout!
An orc comes into view. It is wielding a +0 club.
The orc priest invokes the aid of Beogh against you.
Beogh smites you!
You slash the orc!
You kill the orc!
The orc priest invokes the aid of Beogh against you.
Pain shoots through your body!
Found 8 gold pieces.
Things that are here:
a +3 short sword; a +0 leather armour You closely miss the orc priest.
You hit the orc.
Your spectral weapon closely misses the orc.
Your spectral weapon hits the orc priest!
The orc priest mumbles some strange prayers to Beogh against you.
Beogh smites you!
* * * LOW HITPOINT WARNING * * *
You block the orc's attack.
The orc priest calls down the wrath of Beogh upon you.
Beogh smites you!
You die...

#..$# #...#
#...# .
#####...# ##
.##.......##...
.........>... ..
#....oo.#
...#....@(.#
...#.......#####
................
.##.....#...####
#.....#......#
#....†#.#.##..
##....#>#).##..
####
#.............
....
#....#.##.###.
..##


You could see an orc priest, an orc and a friendly +0 spectral war axe
(summoned).

Vanquished Creatures
  An orc priest (D:3)
  An orc wizard (D:3)
  3 adders
  2 worms
  A dart slug (D:2)
  3 orcs (D:3)
  6 ball pythons
  3 giant cockroaches
  4 hobgoblins (D:1)
  10 jackals
  9 kobolds
  7 oozes
  4 quokkas
  4 bats
  6 frilled lizards
  2 gnoll zombies (D:2)
  9 goblins
  7 rats
82 creatures vanquished.

Vanquished Creatures (others)
  12 plants
12 creatures vanquished.

Grand Total: 94 creatures vanquished

Notes
Turn   | Place    | Note
-------+----------+-------------------------------------------
     0 | D:1      | Sabo the Gargoyle Fighter began the quest for the Orb.
     0 | D:1      | Reached XP level 1. HP: 14/14 MP: 1/1
   266 | D:1      | Reached XP level 2. HP: 19/19 MP: 2/2
   750 | D:1      | Reached XP level 3. HP: 23/24 MP: 3/3
  1334 | D:1      | Reached skill level 4 in Shields
  1898 | D:2      | Reached XP level 4. HP: 27/29 MP: 4/4
  2261 | D:2      | Found a shimmering altar of Xom.
  2295 | D:2      | Found a hazy altar of Hepliaklqana.
  2931 | D:3      | Reached XP level 5. HP: 33/33 MP: 5/5
  3227 | D:3      | HP: 1/33 [orc priest/divine providence (15)]
  3227 | D:3      | Killed from afar by an orc priest

Illustrated notes

Levels and vault maps discovered:
D:1:      tarquinn_simple_flora_water_c, layout_loops_corners
D:2:      wad_lake_hut, layout_loops_ring, nicolae_hepliaklqana_hazy_memory,
          lemuel_crystal_altar, lemuel_zombie_altar_yredelemnul
D:3:      kennysheep_goblin_castle, layout_rooms, minivault_5

Skill      XL: |  1  2  3  4 |
---------------+-------------+-----
Axes           | 2 3 |  3.3
Shields        | 4 |  4.8
Fighting       | |  3.8
Armour         | |  3.9

Action                   |  1- 3 |  4- 6 || total
-------------------------+-------+-------++-------
Melee: War axe           |   150 |    52 ||   202
  Use: Scroll            |     1 |       ||     1
Armor: Scale mail        |   102 |    21 ||   123
Dodge: Dodged            |    56 |    10 ||    66
Block: Kite shield       |   101 |    30 ||   131

Table legend: (Time is in decaauts)
 A = Elapsed time spent in this place.
 B = Non-inter-level travel time spent in this place.
 C = Inter-level travel time spent in this place.
 D = Time resting spent in this place.
 E = Time spent auto-exploring this place.
 F = Levels seen in this place.
 G = Mean time per level.
                   A        B        C        D        E       F      G
               +--------+--------+--------+--------+--------+-----+--------+
         Total |   3451 |   3451 |      0 |    757 |      0 |   3 | 1150.3 |
       Dungeon |   3451 |   3451 |      0 |    757 |      0 |   3 | 1150.3 |
               +--------+--------+--------+--------+--------+-----+--------+

Top non-repeatable levels by time:
     D:1: 1693 daAuts
     D:2: 1376 daAuts
     D:3: 381 daAuts
